 Dungeon Crawl Stone Soup version 0.19-a0-1291-gc8f5409 (webtiles) character file.

26 PurpleRed the Conjurer (level 2, -4/15 HPs)
             Began as a Deep Elf Conjurer on Aug 30, 2016.
             Slain by Sigmund
             ... wielding a +0 scythe
              (12 damage)
             ... on level 3 of the Dungeon.
             The game lasted 00:03:58 (475 turns).

PurpleRed the Conjurer (Deep Elf Conjurer)           Turns: 475, Time: 00:03:58

Health: -4/15      AC:  2    Str:  4 (5)  XL:     2   Next: 89%
Magic:  1/8        EV: 13    Int: 16 (19) God:
Gold:   35         SH:  0    Dex: 13 (15) Spells: 2 memorised, 5 levels left

rFire  . . .     SeeInvis .     h - -3 whip (curse)
rCold  . . .     Gourm    .     a - +0 robe
rNeg   . . .     Faith    .     (no shield)
rPois  .         Spirit   .     (no helmet)
rElec  .         Dismiss  .     (no cloak)
rCorr  .         Reflect  .     (no gloves)
MR     .....     Harm     .     (no boots)
Stlth  ++........               (no amulet)
                                (no ring)
                                (no ring)

@: no status effects
A: no striking features
a: no special abilities


You were on level 3 of the Dungeon.
You were not hungry.

You visited 1 branch of the dungeon, and saw 3 of its levels.

You collected 35 gold pieces.

Inventory:

Hand Weapons
 h - a cursed -3 whip (weapon)
Missiles
 g - 3 tomahawks (quivered)
Armour
 a - a +0 robe (worn)
Scrolls
 e - a scroll of recharging {unknown}
 j - 2 scrolls of enchant armour {unknown}
 k - 3 scrolls of remove curse {unknown}
 m - a scroll of identify {unknown}
Books
 b - a book of Conjurations

   Spells                             Type                      Level
   a - Magic Dart                     Conjuration                  1
   b - Searing Ray                    Conjuration                  2
   c - Dazzling Spray                 Conjuration/Hexes            3
   d - Fulminant Prism                Conjuration/Hexes            4
   e - Iskenderun's Mystic Blast      Conjuration                  4
   f - Iskenderun's Battlesphere      Conjuration/Charms           5
Comestibles
 c - 2 bread rations
 d - a beef jerky
 l - a meat ration


   Skills:
 - Level 2.4 Dodging
 - Level 2.4 Stealth
 + Level 3.7 Spellcasting
 * Level 5.0 Conjurations


You had 5 spell levels left.
You knew the following spells:

 Your Spells              Type           Power        Failure   Level  Hunger
a - Magic Dart            Conj           ###.         1%          1    None
b - Searing Ray           Conj           ###...       3%          2    ##.....


Dungeon Overview and Level Annotations

Branches:
Dungeon (3/15)

Altars:
Kikubaaqudgha

Annotations:
D:2 Robin
D:3 Sigmund


Message History

Press: ? - help, Shift-Dir - straight line The searing ray hits something.
Something hits you!
Ouch! That really hurt!
* * * LOW HITPOINT WARNING * * *
The searing ray hits something.
Something hits you.
* * * LOW HITPOINT WARNING * * *
The searing ray hits something.
You finish channeling your searing ray.
It was a potion of heal wounds.
You feel much better.
You hear some strange, mumbled words.
A puff of flame appears from out of thin air!
The puff of flame misses you. Something barely misses you.
You closely miss something. Something hits you!
It was a potion of degeneration.
There was something very wrong with that liquid.
You feel weakened.
You feel dopey.
You feel clumsy.
You barely miss something. Something hits you!
Ouch! That really hurt!
You die...

###### ..... ....
### #.. #.#
#.#######
#.###........
#.@{......#
#####.###.### #..
#........
#.###.###.### #
#.#..........
#.#.###.###........
#............#.....
###<...##.#.....
#....# .......


There were no monsters in sight!

Vanquished Creatures
  2 worms (D:2)
  A dart slug (D:3)
  2 orcs
  A ball python (D:1)
  2 bats (D:1)
  A giant cockroach (D:1)
  2 goblins
  2 hobgoblins (D:1)
  A kobold (D:1)
  A rat (D:2)
15 creatures vanquished.

Vanquished Creatures (others)
  A human (D:2)
1 creature vanquished.

Grand Total: 16 creatures vanquished

Notes
Turn   | Place    | Note
-------+----------+-------------------------------------------
     0 | D:1      | PurpleRed the Deep Elf Conjurer began the quest for the Orb.
     0 | D:1      | Reached XP level 1. HP: 10/10 MP: 6/6
   178 | D:1      | Reached XP level 2. HP: 10/15 MP: 1/8
   182 | D:1      | Learned a level 2 spell: Searing Ray
   317 | D:2      | Reached skill level 5 in Conjurations
   374 | D:2      | Found an ancient bone altar of Kikubaaqudgha.
   374 | D:2      | Noticed a human
   378 | D:2      | Killed a human
   429 | D:2      | Noticed Robin
   458 | D:3      | Noticed Sigmund
   475 | D:3      | Slain by Sigmund

Vault maps used:
D:1:      minmay_arrival_nine_rooms
D:2:      first_bread, tgw_kikubaaqudgha, uniq_robin
D:3:      fedhas_altar_2, roderic_curled_sauvastika, uniq_terence, uniq_sigmund

Skill      XL: |  1  2 |
---------------+-------+-----
Conjurations   | 5 |  5.0
Dodging        | |  2.4
Stealth        | |  2.4
Spellcasting   | |  3.7

Action                   || total
-------------------------++-------
Melee: Whip              ||     4
       Unarmed           ||     1
Throw: Tomahawk          ||     4
 Cast: Magic Dart        ||    27
       Searing Ray       ||     3
  Use: Potion            ||     2
Armor: Robe              ||     9
Dodge: Dodged            ||    27
